3L
KINGSTON TOWNSHIP KNIGHTS @ QUEBEC CITY LES BLEUS
08/11/2034
 
TOP OF THE 1ST
Kingston Township Knights batting - Pitching for Quebec City Les Bleus : RHP Pleun Davidse
Pitching: RHP Pleun Davidse
Batting: RHB Alfredo Cardenas 0-0: Called Strike
0-1: Ground out 3-1 (Groundball, 34S)
Batting: LHB António González 0-0: Ball
1-0: Ball
2-0: Foul Ball, location: 2F
2-1: Ball
3-1: Base on Balls
Batting: RHB Ron Bernard 0-0: Ball
1-0: Ball
2-0: Swinging Strike
2-1: SINGLE (Line Drive, 78S)
António González to second
Batting: LHB Ed Mellor 0-0: Called Strike
0-1: Ground out U3 (Groundball, 3S)
António González to third
Ron Bernard to second
Batting: RHB EP Weston 0-0: Ball
1-0: Called Strike
1-1: Foul Ball, location: 2F
1-2: Fly out, F7 (Flyball, 78D)
Top of the 1st over - 0 runs, 1 hit, 0 errors, 2 left on base; Kingston Township 0 - Quebec City 0
BOTTOM OF THE 1ST
Quebec City Les Bleus batting - Pitching for Kingston Township Knights : RHP Manny Castro
Pitching: RHP Manny Castro
Batting: LHB Jeff Simpson 0-0: Ball
1-0: Called Strike
1-1: Ball
2-1: Ball
3-1: Base on Balls
Batting: RHB Paul Tate 0-0: Called Strike
0-1: Ball
1-1: Fly out, F7 (Flyball, 78M)
Batting: RHB Kameron Guangorena 0-0: Ball
Jeff Simpson is caught stealing 2nd base
1-0: Called Strike
1-1: Ball
2-1: Swinging Strike
2-2: Ball
3-2: Strikes out swinging
Bottom of the 1st over - 0 runs, 0 hits, 0 errors, 0 left on base; Kingston Township 0 - Quebec City 0
TOP OF THE 2ND
Kingston Township Knights batting - Pitching for Quebec City Les Bleus : RHP Pleun Davidse
Batting: RHB Júlio Rodríguez 0-0: Ball
1-0: Ball
2-0: Called Strike
2-1: Called Strike
2-2: Foul Ball, location: 2F
2-2: Foul Ball, location: 2F
2-2: Foul Ball, location: 2F
2-2: Ball
3-2: Base on Balls
Batting: RHB José Icaza 0-0: Ball
1-0: Ball
2-0: Ball
3-0: Called Strike
3-1: 2-RUN HOME RUN (Flyball, 7LD), Distance : 341 ft
Batting: RHB Gustavo Mateo 0-0: Ball
1-0: Ball
2-0: Foul Ball, location: 2F
2-1: SINGLE (Flyball, 7LS)
Batting: LHB Ruben Yim 0-0: Swinging Strike
0-1: Called Strike
0-2: Ball
1-2: Ball
2-2: Ball
3-2: Foul Ball, location: 2F
3-2: Strikes out looking
Batting: RHB Alfredo Cardenas 0-0: Grounds into double play, 6-4-3 (Groundball, 6)
Top of the 2nd over - 2 runs, 2 hits, 0 errors, 0 left on base; Kingston Township 2 - Quebec City 0
BOTTOM OF THE 2ND
Quebec City Les Bleus batting - Pitching for Kingston Township Knights : RHP Manny Castro
Batting: LHB Palaie Gaoteote 0-0: Ground out 4-3 (Groundball, 4)
Batting: LHB Scott Janousek 0-0: Called Strike
0-1: Foul Ball, location: 2F
0-2: Ball
1-2: Strikes out swinging
Batting: RHB Kumanosuke Asano 0-0: Ground out 6-3 (Groundball, 56)
Bottom of the 2nd over - 0 runs, 0 hits, 0 errors, 0 left on base; Kingston Township 2 - Quebec City 0
TOP OF THE 3RD
Kingston Township Knights batting - Pitching for Quebec City Les Bleus : RHP Pleun Davidse
Batting: LHB António González 0-0: Ball
1-0: Ball
2-0: Ground out 4-3 (Groundball, 4)
Batting: RHB Ron Bernard 0-0: Foul Ball, location: 2F
0-1: Fly out, F5 (Line Drive, 56)
Batting: LHB Ed Mellor 0-0: Ball
1-0: Fly out, F9 (Flyball, 9S)
Top of the 3rd over - 0 runs, 0 hits, 0 errors, 0 left on base; Kingston Township 2 - Quebec City 0
BOTTOM OF THE 3RD
Quebec City Les Bleus batting - Pitching for Kingston Township Knights : RHP Manny Castro
Batting: RHB Cam MacIntosh 0-0: Foul Ball, location: 2F
0-1: Ball
1-1: Fly out, F4 (Line Drive, 4M)
Batting: RHB Reg Spiers 0-0: Ball
1-0: Foul Ball, location: 2F
1-1: Ground out U3 (Groundball, 3)
Batting: RHB Stan Pagnotta 0-0: Ball
1-0: Ball
2-0: Swinging Strike
2-1: Ball
3-1: Called Strike
3-2: Strikes out swinging
Bottom of the 3rd over - 0 runs, 0 hits, 0 errors, 0 left on base; Kingston Township 2 - Quebec City 0
TOP OF THE 4TH
Kingston Township Knights batting - Pitching for Quebec City Les Bleus : RHP Pleun Davidse
Pitching: LHP Urs Ehles
Batting: RHB EP Weston 0-0: Ball
1-0: Swinging Strike
1-1: Ball
2-1: Foul Ball, location: 2F
2-2: Ball
3-2: Strikes out swinging
Batting: RHB Júlio Rodríguez 0-0: Called Strike
0-1: Called Strike
0-2: Fly out, F3 (Popup, 23F)
Batting: RHB José Icaza 0-0: Ball
1-0: Ball
2-0: Called Strike
2-1: Ball
3-1: Called Strike
3-2: Foul Ball, location: 2F
3-2: Base on Balls
Batting: RHB Gustavo Mateo 0-0: Called Strike
0-1: Foul Ball, location: 2F
0-2: Strikes out swinging
Top of the 4th over - 0 runs, 0 hits, 0 errors, 1 left on base; Kingston Township 2 - Quebec City 0
BOTTOM OF THE 4TH
Quebec City Les Bleus batting - Pitching for Kingston Township Knights : RHP Manny Castro
Batting: LHB Jeff Simpson 0-0: SINGLE (Groundball, 4MD)
Batting: RHB Paul Tate 0-0: Called Strike
0-1: Ball
1-1: Swinging Strike
1-2: Ground out 4-3 (Groundball, 34)
Jeff Simpson to second
Batting: RHB Kameron Guangorena 0-0: Ball
1-0: SINGLE (Line Drive, 8LS)
Jeff Simpson to third
Batting: LHB Palaie Gaoteote 0-0: Foul Ball, location: 2F
0-1: Foul Ball, location: 2F
0-2: Fly out, F7 (Flyball, 7LS)
Runner from 3rd tags up, SCORES, throw made
Batting: LHB Scott Janousek 0-0: Called Strike
0-1: Foul Ball, location: 2F
0-2: Ball
1-2: Foul Ball, location: 2F
1-2: Ball
2-2: Ball
3-2: Strikes out swinging
Bottom of the 4th over - 1 run, 2 hits, 0 errors, 1 left on base; Kingston Township 2 - Quebec City 1
TOP OF THE 5TH
Kingston Township Knights batting - Pitching for Quebec City Les Bleus : LHP Urs Ehles
Batting: LHB Ruben Yim 0-0: Ground out 5-3 (Groundball, 25)
Batting: RHB Alfredo Cardenas 0-0: Ball
1-0: Called Strike
1-1: Ground out 6-3 (Groundball, 6)
Batting: LHB António González 0-0: Called Strike
0-1: Fly out, F7 (Flyball, 78S)
Top of the 5th over - 0 runs, 0 hits, 0 errors, 0 left on base; Kingston Township 2 - Quebec City 1
BOTTOM OF THE 5TH
Quebec City Les Bleus batting - Pitching for Kingston Township Knights : RHP Manny Castro
Batting: RHB Kumanosuke Asano 0-0: Foul Ball, location: 2F
0-1: Called Strike
0-2: SINGLE (Line Drive, 8LM)
Batting: RHB Cam MacIntosh 0-0: Called Strike
0-1: Foul Ball, location: 2F
0-2: SINGLE (Line Drive, 4D)
Kumanosuke Asano to second
Batting: RHB Reg Spiers 0-0: Ball
1-0: Bunted foul
1-1: Sac Bunt - play at first, batter OUT! 1-4
Kumanosuke Asano to third
Cam MacIntosh to second
Batting: RHB Stan Pagnotta 0-0: Ball
1-0: Swinging Strike
1-1: Ball
2-1: Foul Ball, location: 2F
2-2: Ball
3-2: Foul Ball, location: 2F
3-2: DOUBLE (Flyball, 7LD)
Kumanosuke Asano scores
Cam MacIntosh scores
Batting: LHB Jeff Simpson 0-0: Swinging Strike
0-1: SINGLE (Groundball, 56) (infield hit)
Stan Pagnotta to third
Batting: RHB Paul Tate 0-0: Called Strike
0-1: SINGLE (Groundball, 34D)
Stan Pagnotta scores
Jeff Simpson to second
Runner from 2nd tries for 3rd, SAFE, no throw
Batting: RHB Kameron Guangorena 0-0: Called Strike
0-1: Ball
1-1: Ball
2-1: Fly out, F8 (Flyball, 8LS)
Runner from 3rd tags up, SCORES, no throw
Batting: LHB Palaie Gaoteote 0-0: Called Strike
0-1: Ball
1-1: Called Strike
1-2: Foul Ball, location: 2F
1-2: Ground out 1-3 (Groundball, 13S)
Bottom of the 5th over - 4 runs, 5 hits, 0 errors, 1 left on base; Kingston Township 2 - Quebec City 5
TOP OF THE 6TH
Kingston Township Knights batting - Pitching for Quebec City Les Bleus : LHP Urs Ehles
Batting: RHB Ron Bernard 0-0: Fly out, F7 (Flyball, 7D)
Batting: LHB Ed Mellor 0-0: Fly out, F3 (Popup, 3SF)
Batting: RHB EP Weston 0-0: Ball
1-0: Swinging Strike
1-1: Ground out 5-3 (Groundball, 5L)
Top of the 6th over - 0 runs, 0 hits, 0 errors, 0 left on base; Kingston Township 2 - Quebec City 5
BOTTOM OF THE 6TH
Quebec City Les Bleus batting - Pitching for Kingston Township Knights : RHP Manny Castro
Batting: LHB Scott Janousek 0-0: Called Strike
0-1: Ball
1-1: Ground out U3 (Groundball, 3L)
Batting: RHB Kumanosuke Asano 0-0: Ball
1-0: Ball
2-0: DOUBLE (Flyball, 89D)
Batting: RHB Cam MacIntosh 0-0: Called Strike
0-1: Foul Ball, location: 2F
0-2: SINGLE (Groundball, 6MD)
Kumanosuke Asano to third
Batting: RHB Reg Spiers 0-0: Called Strike
0-1: Ground out U3 (Groundball, 34S)
Cam MacIntosh to second
Batting: RHB Stan Pagnotta 0-0: Ball
1-0: Foul Ball, location: 2F
1-1: Ball
2-1: Swinging Strike
2-2: Foul Ball, location: 2F
2-2: Strikes out looking
Bottom of the 6th over - 0 runs, 2 hits, 0 errors, 2 left on base; Kingston Township 2 - Quebec City 5
TOP OF THE 7TH
Kingston Township Knights batting - Pitching for Quebec City Les Bleus : LHP Urs Ehles
Batting: RHB Júlio Rodríguez 0-0: Ball
1-0: Fly out, F8 (Line Drive, 8RXD)
Batting: RHB José Icaza 0-0: Called Strike
0-1: Foul Ball, location: 2F
0-2: Foul Ball, location: 2F
0-2: Foul Ball, location: 2F
0-2: Ball
1-2: Strikes out swinging
Batting: RHB Gustavo Mateo 0-0: Ball
1-0: Ball
2-0: Ball
3-0: Called Strike
3-1: Fly out, F7 (Flyball, 7D)
Top of the 7th over - 0 runs, 0 hits, 0 errors, 0 left on base; Kingston Township 2 - Quebec City 5
BOTTOM OF THE 7TH
Quebec City Les Bleus batting - Pitching for Kingston Township Knights : RHP Manny Castro
Batting: LHB Jeff Simpson 0-0: Ball
1-0: Called Strike
1-1: Ball
2-1: Foul Ball, location: 2F
2-2: Ball
3-2: Foul Ball, location: 2F
3-2: Ground out 6-3 (Groundball, 6)
Pitching: LHP Il-young Kim
Batting: RHB Paul Tate 0-0: Swinging Strike
0-1: Foul Ball, location: 2F
0-2: Foul Ball, location: 2F
0-2: Ball
1-2: Ball
2-2: Ball
3-2: Strikes out looking
Batting: RHB Kameron Guangorena 0-0: Called Strike
0-1: Ground out 3-1 (Groundball, 34)
Bottom of the 7th over - 0 runs, 0 hits, 0 errors, 0 left on base; Kingston Township 2 - Quebec City 5
TOP OF THE 8TH
Kingston Township Knights batting - Pitching for Quebec City Les Bleus : LHP Urs Ehles
Batting: LHB Ruben Yim 0-0: Ground out 6-3 (Groundball, 6MS)
Batting: RHB Alfredo Cardenas 0-0: Called Strike
0-1: Ball
1-1: Foul Ball, location: 2F
1-2: Strikes out swinging, 2-3 out at first.
Batting: LHB António González 0-0: Ball
1-0: Ball
2-0: Foul Ball, location: 2F
2-1: Ball
3-1: Base on Balls
Batting: RHB Ron Bernard 0-0: Ball
1-0: Foul Ball, location: 2F
1-1: Foul Ball, location: 2F
1-2: Foul Ball, location: 2F
1-2: Foul Ball, location: 2F
1-2: Ball
2-2: Ball
3-2: SINGLE (Groundball, 13S) (infield hit)
António González to second
Pitching: RHP José Barquero
Batting: LHB Ed Mellor 0-0: Ball
1-0: Ball
2-0: Ball
3-0: Swinging Strike
3-1: Base on Balls
António González to third
Ron Bernard to second
Batting: RHB EP Weston 0-0: Foul Ball, location: 2F
0-1: Swinging Strike
0-2: Strikes out swinging
Top of the 8th over - 0 runs, 1 hit, 0 errors, 3 left on base; Kingston Township 2 - Quebec City 5
BOTTOM OF THE 8TH
Quebec City Les Bleus batting - Pitching for Kingston Township Knights : LHP Il-young Kim
Batting: LHB Palaie Gaoteote 0-0: Fly out, F8 (Flyball, 8LM)
Batting: LHB Scott Janousek 0-0: Ball
1-0: Fly out, F8 (Line Drive, 8LM)
Batting: RHB Kumanosuke Asano 0-0: Called Strike
0-1: Ball
1-1: Called Strike
1-2: Foul Ball, location: 2F
1-2: SOLO HOME RUN (Flyball, 7D), Distance : 361 ft
Batting: RHB Cam MacIntosh 0-0: Called Strike
0-1: Called Strike
0-2: Ball
1-2: Ball
2-2: Ball
3-2: SINGLE (Groundball, 6MD)
Batting: RHB Reg Spiers 0-0: Ball
1-0: Ball
2-0: Ball
3-0: Called Strike
3-1: Called Strike
3-2: SINGLE (Groundball, 56D)
Cam MacIntosh to second
Cam MacIntosh to third
Batting: RHB Stan Pagnotta 0-0: Ball
1-0: Called Strike
1-1: Ball
2-1: Fly out, F3 (Popup, 3S)
Bottom of the 8th over - 1 run, 3 hits, 0 errors, 2 left on base; Kingston Township 2 - Quebec City 6
TOP OF THE 9TH
Kingston Township Knights batting - Pitching for Quebec City Les Bleus : RHP José Barquero
Batting: RHB Júlio Rodríguez 0-0: Ball
1-0: Called Strike
1-1: Foul Ball, location: 2F
1-2: Ball
2-2: Ball
3-2: Foul Ball, location: 2F
3-2: Ground out 5-3 (Groundball, 56S)
Batting: RHB José Icaza 0-0: Called Strike
0-1: Ball
1-1: Swinging Strike
1-2: Strikes out swinging
Batting: RHB Gustavo Mateo 0-0: Ball
1-0: Swinging Strike
1-1: Called Strike
1-2: DOUBLE (Line Drive, 8LD)
Batting: LHB Ruben Yim 0-0: Ball
1-0: Fly out, F9 (Flyball, 9LS)
Top of the 9th over - 0 runs, 1 hit, 0 errors, 1 left on base; Kingston Township 2 - Quebec City 6
Friday, March 29th, 2019 - OOTP Baseball 18.8 Build 76